 Dungeon Crawl Stone Soup version 0.30.0-10-gfe55d96785 (webtiles) character file.

Game seed: 1266089113359950036

2 ProzacElf the Vexing (level 1, 0/16 HPs)
             Began as a Demonspawn Wanderer on May 14, 2023.
             Slain by a hobgoblin (2 damage)
             ... on level 1 of the Dungeon.
             The game lasted 00:01:11 (116 turns).

ProzacElf the Vexing (Demonspawn Wanderer)           Turns: 116, Time: 00:01:12

Health: 0/16       AC:  2    Str:  9    XL:     1   Next: 33%
Magic:  2/2        EV:  7    Int: 17    God:
Gold:   0          SH:  4    Dex: 11    Spells: 1/2 levels left

rFire   . . .        a - +0 dagger
rCold   . . .        d - +0 buckler
rNeg    . . .        c - +0 robe
rPois   .            (no helmet)
rElec   .            (no cloak)
rCorr   .            (no gloves)
SInv    .            (no boots)
Will    .....        (no amulet)
Stlth   +            (no ring)
HPRegen 0.22/turn    (no ring)
MPRegen 0.08/turn

%: no passive effects
@: constricted
A: no striking features
a: no special abilities


You were on level 1 of the Dungeon.
You visited 1 branch of the dungeon, and saw 1 of its levels.

Inventory:

Hand Weapons
 a - a +0 dagger (weapon)
Missiles
 e - 5 poisoned darts
Armour
 c - a +0 robe (worn)
 d - a +0 buckler (worn)
Scrolls
 b - a scroll of fog
 f - a scroll of teleportation {unknown}


   Skills:
 + Level 2.1 Fighting
 + Level 0.4 Stealth
 - Level 2.6 Shields
 - Level 1.0 Spellcasting
 - Level 3.0 Hexes
 - Level 1.1 Necromancy


You had one spell level left.
You knew the following spells:

 Your Spells              Type           Power      Damage    Failure   Level
v - Slow                  Hex            44%        N/A       10%         1

Your spell library contained the following spells:

 Spells                   Type           Power      Damage    Failure   Level
 Sublimation of Blood     Necr           4%         N/A       30%         2
 Cigotuvi's Dreadful Rot  Necr/Pois/Air  4%         N/A       38%         2
 Inner Flame              Hex/Fire       5%         N/A       45%         3
 Leda's Liquefaction      Hex/Erth       2%         N/A       86%         4


Dungeon Overview and Level Annotations

Branches:
Dungeon (1/15)

Altars:


Message History

Nay target in view!
Nay target in view!
Nay target in view!
f - a scroll labelled ZEMEZO ODIWK
Found a scale mail.
Found a mace.
Found 4 gold pieces an' a pair o' gloves. 2 endoplasms come inta view.
Found a dagger an' a scroll labelled IRIRAHA IPETUG.
Found 14 gold pieces.
Tha endoplasm quivers.
Tha endoplasm jiggles.
A hobgoblin comes inta view.
Tha hobgoblin shouts!
Ye hear an angry hiss.
A bat comes inta view.
A ball python comes inta view.
Tha endoplasm quivers.
Ye hit tha endoplasm.
Tha endoplasm be heavily wounded.
Tha bat closely misses ye.
Tha endoplasm barely misses ye.
Ye hit tha endoplasm.
Tha endoplasm be severely wounded.
Tha endoplasm freezes ye.
Ye be froz'n.
Tha hobgoblin hits ye.
Ye take 6 damage, an' haf 10/16 hp.
MASSIVE DAMAGE!!
Ye hit tha endoplasm but do nay damage.
Tha endoplasm be severely wounded.
Tha hobgoblin hits ye but does nay damage.
Tha endoplasm hits ye but does nay damage.
Ye block tha ball python's attack.
Tha ball python grabs ye.
Tha ball python constricts ye.
Ye completely miss tha ball python.
Tha endoplasm freezes ye.
Ye be froz'n.
Tha hobgoblin barely misses ye.
Tha ball python bites ye.
* * * LOW HITPOINT WARNIN'
* * * Tha ball python constricts ye.
Ye take 7 damage, an' haf 3/16 hp.
MASSIVE DAMAGE!!
Tha ball python's grasp on ye weakens, but yer attempt ta 'scape fails.
Tha ball python bites ye.
* * * LOW HITPOINT WARNIN'
* * * Tha ball python constricts ye.
Tha hobgoblin hits ye.
Ye die...

.. #.........
#.##.##
#.########
#.#...# #.#
....... #.#
..#...######.#
..[..........#
.##.#..######
#$##..#
#@..$$#
#)JgJS#..#
##b#)##..#
..###....#
..## ##.## ..
#[# . ..# .#


You could see 2 endoplasms, a hobgoblin, a bat and a ball python.

Vanquished Creatures
  A ball python (D:1)
  An endoplasm (D:1)
2 creatures vanquished.

Notes
Turn   | Place    | Note
-------+----------+-------------------------------------------
     0 | D:1      | ProzacElf the Demonspawn Wanderer began the quest for the
                  | Orb.
     0 | D:1      | ProzacElf set off with the following items: a +0 dagger, a
                  | scroll of fog, a +0 robe, a +0 buckler; and the following
                  | spell memorised: Slow; and the following spells available
                  | to memorise: Sublimation of Blood, Cigotuvi's Dreadful Rot,
                  | Inner Flame, Leda's Liquefaction.
     0 | D:1      | Reached XP level 1. HP: 16/16 MP: 2/2
   116 | D:1      | Slain by a hobgoblin

Illustrated notes

Levels and vault maps discovered:
D:1:      dpeg_arrival_radiant, layout_loops_ring, minmay_tall_x

Action                     || total
---------------------------++-------
  Melee: Dagger            ||     8
 Armour: Robe              ||     3
  Dodge: Dodged            ||     3
  Block: Buckler           ||     1

Action                     || total
---------------------------++-------
  Melee: Dagger            ||     8
 Armour: Robe              ||     3
  Dodge: Dodged            ||     3
  Block: Buckler           ||     1

Levels and vault maps discovered:
D:1:      dpeg_arrival_radiant, layout_loops_ring, minmay_tall_x
